 Dungeon Crawl Stone Soup version 0.28.0-53-g5a82cb258f (webtiles) character file.

Game seed: 1568009916834022135

936 Plasmagod the Stinger (level 8, -11/59 (64) HPs)
             Began as a Naga Venom Mage on July 25, 2022.
             Mangled by a wight
             ... wielding a +5 great sword
              (16 damage)
             ... on level 5 of the Dungeon.
             The game lasted 00:19:27 (7223 turns).

Plasmagod the Stinger (Naga Venom Mage)             Turns: 7223, Time: 00:19:28

HP:   -11/59 (64)   AC:  6    Str: 11    XL:     8   Next: 12%
MP:   14/14         EV: 10    Int: 17    God:
Gold: 214           SH:  0    Dex: 12    Spells: 5/15 levels left

rFire   . . .      SeeInvis +   b - +0 short sword
rCold   . . .      Faith    .   (no shield)
rNeg    . . .      Spirit   .   a - +0 robe
rPois   +          Reflect  .   d - +0 helmet
rElec   .          Harm     .   (no cloak)
rCorr   .          Rampage  .   y - +1 pair of gloves
Will    ++...                   (no barding)
Stlth   ++........              (no amulet)
HPRegen 0.19/turn               s - ring of willpower
MPRegen 0.14/turn               r - ring of flight

@: about to teleport, flying, drained, very slow
A: AC +2, large, see invisible, deformed body, poison resistance, slowness 2,
spit poison 1, naga tail 1
a: Spit Poison


You were on level 5 of the Dungeon.
You visited 2 branches of the dungeon, and saw 7 of its levels.

You collected 214 gold pieces.

Inventory:

Hand Weapons
 b - a +0 short sword (weapon)
Armour
 a - a +0 robe (worn)
 d - a +0 helmet (worn)
 y - a +1 pair of gloves (worn)
Jewellery
 r - a ring of flight (right hand)
 s - a ring of willpower (left hand)
 z - a +4 ring of evasion
Wands
 t - a wand of flame (12)
Scrolls
 m - a scroll of noise
Potions
 e - a potion of attraction {unknown}
 f - a potion of curing
 g - a potion of cancellation
 j - a potion of heal wounds {unknown}
 l - 2 potions of haste {unknown}
 n - a potion of invisibility {unknown}
 p - 3 potions of flight
 q - a potion of mutation {unknown}
 w - a potion of lignification {unknown}
 A - a potion of magic {unknown}


   Skills:
 + Level 1.2 Fighting
 + Level 1.2 Short Blades
 + Level 2.1 Dodging
 + Level 4.3 Stealth
 + Level 4.4 Spellcasting
 * Level 3.1 Hexes
 + Level 3.0 Transmutations
 * Level 2.8 Air Magic
 + Level 6.8 Poison Magic


You had 5 spell levels left.
You knew the following spells:

 Your Spells              Type           Power      Damage    Failure   Level
a - Sting                 Tmut/Pois      80%        1d7       1%          1
b - Poisonous Vapours     Pois/Air       40%        N/A       3%          2
c - Olgreb's Toxic Radia  Pois           26%        N/A       9%          4
d - Mephitic Cloud        Conj/Pois/Air  14%        N/A       12%         3

Your spell library contained the following spells:

 Spells                   Type           Power      Damage    Failure   Level
 Tukima's Dance           Hex            14%        N/A       12%         3
 Yara's Violent Unravell  Hex/Tmut       7%         3d5       75%         5
 Passage of Golubria      Tloc           3%         N/A       83%         4


Dungeon Overview and Level Annotations

Branches:
Dungeon (6/15)             Temple (1/1) D:4

Altars:
Cheibriados
Dithmenos
Elyvilon
Fedhas
Hepliaklqana
Kikubaaqudgha
Makhleb
Okawaru
Qazlal
Uskayaw
Wu Jian
Xom
Yredelemnul
Zin


Innate Abilities, Weirdness & Mutations

Your serpentine skin is tough. (AC +2)
You have supernaturally acute eyesight. (SInv)
Armour fits poorly on your strangely shaped body.
Your system is resistant to poisons. (rPois)
You cover ground very slowly.
You can spit poison.
You have a snake-like lower body.


Message History

You hit the wight but do no damage. The wight completely misses you.
You barely miss the wight. The wight misses you.
You closely miss the wight. The wight closely misses you.
You hit the wight but do no damage. Your punch misses the wight.
The wight hits you with a +5 great sword!
Aiming: Sting (safe; 1% risk of failure)
Press: ? - help, Q - select action, (/) - cycle Shift-Dir - straight line, f/p - wight
Aim: a wight, wielding a +0 scimitar and wearing a +0 robe (76% to hit)
The sting hits the wight.
The wight is lightly damaged.
The wight hits you with a +5 great sword!
The wight hits you with a +5 great sword!
You feel drained. The wight hits you but does no damage.
There is a stone staircase leading up here.
The wight hits you with a +5 great sword!
* * * LOW HITPOINT WARNING * * *
You fly upwards.
There is a stone staircase leading down here.
Press: ? - help, v - describe, . - travel
Here: a wight, wielding a +5 great sword and wearing a +0 robe The floor.
Okay, then.
It was a potion of cancellation.
You feel magically purged.
The wight hits you with a +5 great sword!
* * * LOW HITPOINT WARNING * * *
You feel drained.
* * * LOW HITPOINT WARNING * * *
What are your orders? t - Shout!
Orders for allies: a - Attack new target. r - Retreat! s - Stop attacking. g - Guard the area. f - Follow me.
Anything else - Cancel.
You shout for attention!
The wight barely misses you.
As you read the scroll of teleportation, it crumbles to dust.
You feel strangely unstable. The wight barely misses you.
The wight hits you with a +5 great sword!
You die...

...........[# #.########..# #.#
#..# #.# #..# ######
#.########..# #.....
............################.####
###.#######...<..................
#.# #......>.....#####.##.#.##
#.# #.......z@...# #.##.#.## #.#
#..#########.#####.##.#).. #.#
#..# #.....##.....#... #.# #..#
####.###.##..####... #.# #..##
#...<# #.....# #.#. #.#
#...###.##.###.###.####.#. #.#
#..#.##[##..............#. #.#
##.###.#.####.#####.###..#.
#.###.## ##.......## #.# #.##.


You could see a wight.

Vanquished Creatures
  A sky beast (D:4)
  2 ogres
  A scorpion (D:5)
  A water moccasin zombie (D:5)
  3 orc priests
  3 hounds
  A centaur skeleton (D:4)
  An iguana (D:3)
  A scorpion zombie (D:5)
  Natasha (thrice) (D:2)
  2 orc wizards (D:5)
  A gnoll (D:1)
  4 adders
  2 worms
  3 dart slugs
  20 orcs
  11 bats
  4 endoplasms
  A giant cockroach (D:2)
  6 goblins
  12 hobgoblins
  8 jackals (D:2)
  11 ball pythons
  3 frilled lizards (D:1)
  6 kobolds
  5 rats
116 creatures vanquished.

Notes
Turn   | Place    | Note
-------+----------+-------------------------------------------
     0 | D:1      | Plasmagod the Naga Venom Mage began the quest for the Orb.
     0 | D:1      | Reached XP level 1. HP: 15/15 MP: 3/3
   263 | D:1      | Reached XP level 2. HP: 22/22 MP: 3/5
   290 | D:1      | Found a faded altar of an unknown god.
   502 | D:1      | Reached XP level 3. HP: 28/28 MP: 3/6
   795 | D:1      | You fall into a shaft and drop 1 floor!
   935 | D:2      | Noticed Natasha
   943 | D:2      | Killed Natasha
   944 | D:2      | Reached skill level 5 in Poison Magic
   944 | D:2      | Reached XP level 4. HP: 10/36 MP: 4/8
   970 | D:2      | Noticed Natasha
  1158 | D:2      | Learned a level 2 spell: Poisonous Vapours
  1374 | D:2      | Killed Natasha
  1751 | D:2      | Noticed Natasha
  1757 | D:2      | Killed Natasha
  1758 | D:2      | Reached XP level 5. HP: 42/42 MP: 1/9
  3325 | D:3      | Reached skill level 1 in Hexes
  3914 | D:4      | Reached XP level 6. HP: 26/50 MP: 4/10
  4541 | D:4      | Reached skill level 1 in Air Magic
  4694 | D:4      | Found a staircase to the Ecumenical Temple.
  4703 | Temple   | Entered the Ecumenical Temple
  4881 | D:4      | Reached skill level 6 in Poison Magic
  4881 | D:4      | Reached XP level 7. HP: 38/56 MP: 1/12
  4887 | D:4      | Learned a level 4 spell: Olgreb's Toxic Radiance
  5198 | D:4      | Found a blossoming altar of Fedhas.
  5307 | D:5      | Entered Level 5 of the Dungeon
  5680 | D:5      | Reached skill level 1 in Fighting
  5686 | D:5      | HP: 2/57 [scorpion zombie (2)]
  6007 | D:5      | Reached skill level 1 in Short Blades
  6295 | D:5      | Found a shadowy altar of Dithmenos.
  6494 | D:5      | Reached XP level 8. HP: 61/64 MP: 6/14
  7198 | D:6      | Learned a level 3 spell: Mephitic Cloud
  7223 | D:5      | Mangled by a wight

Illustrated notes

Levels and vault maps discovered:
D:1:      eino_arrival_water_cross, layout_basic,
          chequers_ecumenical_altar_simple_redux, hangedman_decor_peaks_small
D:2:      kennysheep_six_static_rooms, layout_basic, grunt_ministairs_9,
          uniq_natasha
D:3:      layout_basic, grunt_ministairs_15, chequers_serial_rivers_marsh
D:4:      cheibrodos_pilgrimage, layout_loops_ring,
          lemuel_coloured_pillars_altar, lemuel_temple_firewalk_b
D:5:      layout_loops_ring, nicolae_overflow_crystal_walls,
          minmay_misc_feat_diagonals, chequers_serial_rivers_micro_c
D:6:      layout_cave_pods, mainiacjoe_overflow_brackets, tso_altar
Temple:   nicolae_temple_x_marks_the_god

Skill      XL: |  1  2  3  4  5  6  7 |
---------------+----------------------+-----
Poison Magic   | 5 6 |  6.8
Spellcasting   | 3 4 |  4.4
Transmutations | 2 3 |  3.0
Stealth        | 4 |  4.3
Hexes          | 1 2 3 |  3.1
Air Magic      | 1 2 |  2.8
Dodging        | 2 |  2.1
Fighting       | 1 |  1.2
Short Blades   | 1 |  1.2

Action                   |  1- 3 |  4- 6 |  7- 9 || total
-------------------------+-------+-------+-------++-------
Melee: Short sword       |     8 |    29 |    51 ||    88
       Punch             |       |     1 |       ||     1
 Cast: Sting             |    41 |   101 |    62 ||   204
       Poisonous Vapours |       |    25 |    10 ||    35
       Olgreb's Toxic Ra |       |       |     3 ||     3
  Use: Scroll            |       |       |    10 ||    10
       Potion            |       |       |     1 ||     1
 Stab: Sleeping          |     3 |     6 |     2 ||    11
Armor: Robe              |    11 |    29 |    32 ||    72
Dodge: Dodged            |    21 |    58 |    62 ||   141
